 Dungeon Crawl Stone Soup version 0.29.1-12-g30fa7ad0bf (webtiles) character file.

Game seed: 13228403028307716349

13066 tkbsonic5 the Magician (level 11, -5/97 HPs)
             Began as a Palentonga Air Elementalist on Dec 31, 2022.
             Was a High Priest of Okawaru.
             Slain by a cane toad (13 damage)
             ... on level 1 of the Lair of Beasts on Jan 5, 2023.
             The game lasted 01:08:14 (16438 turns).

tkbsonic5 the Magician (PaAE)                      Turns: 16438, Time: 01:08:14

Health: -5/97      AC: 14    Str: 14    XL:     11   Next: 70%
Magic:  10/21      EV: 13    Int: 25    God:    Okawaru [*****.]
Gold:   113        SH:  5    Dex: 11    Spells: 0/23 levels left

rFire   + . .      SeeInvis +   A - +2 dire flail (protect)
rCold   . . .      Faith    .   (shield currently unavailable)
rNeg    . . .      Spirit   .   a - +1 robe
rPois   .          Reflect  +   (no helmet)
rElec   .          Harm     .   t - +0 cloak
rCorr   .          Rampage  .   b - +0 pair of gloves
Will    +....                   (no barding)
Stlth   +++.......              e - amulet of reflection
HPRegen 0.26/turn               D - +6 ring of intelligence
MPRegen 0.17/turn               j - ring of willpower

@: lethally poisoned (-5 -> -30), heroic, finesse-ful, curled up
A: large, rugged brown scales 3, see invisible, deformed body, roll 1, armoured
tail, reflexive curl, fire resistance 1, robust 1
a: Rolling Charge, Renounce Religion, Heroism, Finesse, Duel


You were on level 1 of the Lair of Beasts.
You worshipped Okawaru.
Okawaru was extremely pleased with you.
You visited 3 branches of the dungeon, and saw 12 of its levels.

You collected 720 gold pieces.
You spent 607 gold pieces at shops.

Inventory:

Hand Weapons
 i - a +1 whip of electrocution
 s - a +1 scimitar of flaming
 v - a +2 dagger of venom
 y - a +1 dagger of speed
 A - a +2 dire flail of protection (weapon)
 E - a +2 glaive of freezing
 G - the +12 sling of the Desolation of Salt {flame, *Slow rF+ rC+ Int+2}
   (You bought it in a shop on level 10 of the Dungeon)

   Any ammunition fired from it burns those it strikes, dealing additional fire
   damage.
   Int:       It affects your intelligence (+2).
   rF:        It protects you from fire.
   rC:        It protects you from cold.
   *Slow:     It may slow you when you take damage.
Missiles
 k - 4 boomerangs
 u - 29 poisoned darts
 w - 6 atropa-tipped darts
 x - 6 javelins
Armour
 a - a +1 robe (worn)
 b - a +0 pair of gloves (worn)
 t - a +0 cloak (worn)
 F - +0 steam dragon scales
Jewellery
 c - an amulet of the acrobat
 e - an amulet of reflection (around neck)
 j - a ring of willpower (right hand)
 l - a ring of resist corrosion
 C - an amulet of faith
 D - a +6 ring of intelligence (left hand)
Wands
 m - a wand of flame (2)
 q - a wand of paralysis (10)
Scrolls
 d - a scroll of blinking
 p - 3 scrolls of teleportation
 H - a scroll of amnesia
Potions
 g - 6 potions of curing
 n - 3 potions of flight
 o - 3 potions of cancellation
 r - a potion of ambrosia
 z - a potion of brilliance
Miscellaneous
 B - a lightning rod (inert)


   Skills:
 * Level 6.7(11.7) Fighting
 * Level 6.5(11.5) Maces & Flails
 + Level 5.0(10.0) Dodging
 - Level 1.2(6.2) Stealth
 * Level 6.8 Spellcasting
 + Level 5.1 Conjurations
 * Level 4.8 Hexes
 * Level 3.1 Necromancy
 * Level 1.1 Translocations
 + Level 3.1 Transmutations
 + Level 2.6 Ice Magic
 + Level 5.9 Air Magic
 + Level 2.7 Poison Magic
 + Level 4.5 Invocations
 + Level 3.5 Evocations


You couldn't memorise any spells.
You knew the following spells:

 Your Spells              Type           Power      Damage    Failure   Level
a - Shock                 Conj/Air       100%       1d9       1%          1
b - Static Discharge      Conj/Air       36%        3-8/arc   1%          2
c - Swiftness             Air            38%        N/A       1%          3
d - Ensorcelled Hibernat  Hex/Ice        54%        N/A       2%          2
e - Airstrike             Air            19%        2d(3-19)  6%          4
f - Spider Form           Tmut/Pois      23%        N/A       6%          3
g - Anguish               Hex/Necr       14%        N/A       13%         4
h - Passage of Golubria   Tloc           14%        N/A       41%         4

Your spell library contained the following spells:

 Spells                   Type           Power      Damage    Failure   Level
 Slow                     Hex            100%       N/A       1%          1
 Confusing Touch          Hex            32%        N/A       2%          3
 Vampiric Draining        Necr           24%        2d7       5%          3
 Fulminant Prism          Conj/Hex       16%        3d11      9%          4
 Iskenderun's Mystic Bla  Conj/Tloc      24%        2d7       19%         4
 Yara's Violent Unravell  Hex/Tmut       14%        3d7       36%         5
 Lee's Rapid Deconstruct  Erth           4%         3d6*      88%         5
 Tukima's Dance           Hex            Unusable   N/A       N/A         3

Dungeon Overview and Level Annotations

Branches:
Dungeon (10/15)            Temple (1/1) D:4            Lair (1/5) D:9
    Orc: D:9-12

Altars:
Ashenzari
Cheibriados
Dithmenos
Elyvilon
Fedhas
Gozag
Hepliaklqana
Kikubaaqudgha
Makhleb
Nemelex Xobeh
Okawaru
Qazlal
Ru
Sif Muna
Trog
Uskayaw
Vehumet
Wu Jian
Xom
Yredelemnul
Zin
The Shining One

Shops:
D:6 !   D:7 *   D:10 (

Annotations:
D:3 3 runed translucent doors, Gadrel's ghost, weakling MiDe
D:5 1 runed translucent door, Crazy Yiuf
D:7 exclusion: statue


Innate Abilities, Weirdness & Mutations

You are completely covered in rugged brown scales. (AC +3, +7% HP)
You have supernaturally acute eyesight. (SInv)
Armour fits poorly on your strangely shaped body.
You can roll at nearby foes to attack.
You have a long armoured tail.
You curl defensively after being hit. (AC +7*)
Your flesh is heat resistant. (rF+)
You are robust. (+10% HP)


Message History

You hit the cane toad but do no damage.
You tail-slap the cane toad, but do no damage.
The cane toad stings you!
You are poisoned.
The cane toad poisons you! You block the cane toad's attack.
A cane toad comes into view.
The cane toad croaks.
Your +2 glaive of freezing stops glowing.
Your +2 dire flail of protection hums with potential!
A - a +2 dire flail of protection (weapon)
You feel very sick.
You hear a croak.
You block the cane toad's attack.
Casting: Static Discharge (safe; 1% risk of failure)
Confirm with . or Enter, or press ? or * to list all spells.
Okay, then.
Casting: Static Discharge (safe; 1% risk of failure)
Confirm with . or Enter, or press ? or * to list all spells.
Casting: Anguish (dangerous; 13% risk of failure)
Press: ? - help, Dir - look around, f - activate The cane toad is haunted by guilt!
The blink frog resists with almost no effort.
The cane toad is haunted by guilt!
You feel very sick. The cane toad stings you!
You are more poisoned.
The cane toad poisons you!
The cane toad is wracked by anguish!
You can now deal lightning-fast blows.
You feel extremely sick. The cane toad barely misses you.
The blink frog hits you!
The blink frog blinks!
You gain the combat prowess of a mighty hero.
* * * LOW HITPOINT WARNING * * *
You feel extremely sick. The cane toad stings you!
* * * LOW HITPOINT WARNING * * *
The cane toad is wracked by anguish!
Okay, then.
The cane toad attacks as you move away! The cane toad stings you!
You die...

# ### #. ##..##.##
#..#######F.......
#.§.FF......#
#...F#F#.##..# .F.
#@####>######## .
##§####.#>...... )
#............# .
#######?..##.## .
####..#.##.P .
........##.#####.
####..#.##.#.##..
##.>..........
######.####.#


You could see 2 cane toads and a blink frog.

Vanquished Creatures
  A boulder beetle (D:10)
  Erolcha (D:9)
  A catoblepas (D:9)
  Erica (D:10)
  A two-headed ogre (D:9)
  Sonja (D:10)
  2 cane toads (Lair:1)
  Psyche (D:10)
  A komodo dragon (D:8)
  A troll (D:9)
  Grinder (D:5)
  A shadow (D:9)
  17 yaks
  Eustachio (D:4)
  3 wyverns (D:9)
  A basilisk (Lair:1)
  2 steam dragons (D:8)
  4 vampire mosquitoes (D:10)
  Menkaure (D:5)
  Edmund (D:5)
  3 water moccasins (D:9)
  An acid dragon (D:9)
  2 black bears (D:7)
  3 sky beasts
  4 orc warriors
  2 centaurs
  3 kobold brigands
  A gnoll sergeant (D:5)
  3 bullfrogs
  A necrophage (D:8)
  2 scorpions
  5 wights (D:9)
  5 killer bees (D:9)
  A howler monkey (D:6)
  8 orc priests
  4 hounds
  Ijyb (D:4)
  4 iguanas
  14 orc wizards
  6 adders
  7 gnolls
  A white imp (D:5)
  2 ufetubi
  4 dart slugs
  39 orcs
  3 bats
  2 endoplasms (D:4)
  A giant cockroach (D:2)
  5 goblins
  2 hobgoblins
  8 jackals
  A quokka (D:4)
  6 ball pythons
  4 frilled lizards
  22 kobolds
  5 rats
228 creatures vanquished.

Vanquished Creatures (others)
  A yak (D:9)
  A bush (D:9)
  7 fungi
  28 plants
37 creatures vanquished.

Grand Total: 265 creatures vanquished

Notes
Turn   | Place    | Note
-------+----------+-------------------------------------------
     0 | D:1      | tkbsonic5 the Palentonga Air Elementalist began the quest
                  | for the Orb.
     0 | D:1      | Reached XP level 1. HP: 13/13 MP: 3/3
   401 | D:1      | Reached skill level 1 in Conjurations
   401 | D:1      | Reached XP level 2. HP: 17/21 MP: 0/5
   452 | D:1      | Learned a level 2 spell: Static Discharge
  1882 | D:2      | Reached XP level 3. HP: 24/26 MP: 1/6
  1887 | D:2      | Learned a level 3 spell: Swiftness
  2251 | D:2      | Found a faded altar of an unknown god.
  2284 | D:3      | Found a runed translucent gate.
  2284 | D:3      | Found a runed translucent gate.
  2365 | D:3      | Found a runed translucent gate.
  2366 | D:3      | Found an opulent altar of Gozag.
  2378 | D:3      | Noticed an orc warrior
  2385 | D:3      | Reached skill level 1 in Fighting
  2408 | D:3      | Found an ancient bone altar of Kikubaaqudgha.
  2422 | D:3      | Noticed Gadrel's ghost (weakling MiDe)
  2869 | D:3      | Gained mutation: Your flesh is heat resistant. (rF+)
                  | [potion of mutation]
  2869 | D:3      | Gained mutation: You are robust. (+10% HP) [potion of
                  | mutation]
  2874 | D:3      | Reached XP level 4. HP: 37/37 MP: 5/8
  3701 | D:4      | Noticed a scorpion
  3727 | D:4      | Learned a level 2 spell: Ensorcelled Hibernation
  3761 | D:4      | Killed a scorpion
  3762 | D:4      | Reached skill level 1 in Maces & Flails
  3762 | D:4      | Reached XP level 5. HP: 33/43 MP: 4/9
  3970 | D:4      | Found a staircase to the Ecumenical Temple.
  4047 | D:4      | Noticed Eustachio
  4055 | D:4      | Killed Eustachio
  4056 | D:4      | Reached XP level 6. HP: 40/51 MP: 1/11
  4493 | D:4      | Found an ornate altar of the Wu Jian Council.
  4775 | D:4      | Noticed Ijyb
  4790 | D:4      | Killed Ijyb
  5109 | Temple   | Entered the Ecumenical Temple
  5163 | Temple   | Became a worshipper of Warmaster Okawaru
  5226 | D:5      | Entered Level 5 of the Dungeon
  5232 | D:5      | Gained mutation: You curl defensively after being hit. (AC
                  | +7*) [Palentonga growth]
  5232 | D:5      | Reached XP level 7. HP: 43/59 MP: 1/12
  5931 | D:5      | Learned a level 4 spell: Airstrike
  5977 | D:5      | Reached skill level 1 in Invocations
  6432 | D:5      | Noticed Edmund
  6442 | D:5      | Killed Edmund
  6442 | D:5      | Reached * piety under Okawaru
  6443 | D:5      | Reached skill level 1 in Hexes
  6449 | D:5      | Noticed Grinder
  6797 | D:5      | Found a runed translucent door.
  6798 | D:5      | Noticed Crazy Yiuf
  6938 | D:5      | Reached XP level 8. HP: 63/67 MP: 7/14
  7038 | D:5      | Noticed Menkaure
  7040 | D:5      | Killed Menkaure
  7041 | D:5      | Reached skill level 1 in Evocations
  7172 | D:5      | Killed Grinder
  7452 | D:6      | Found a sacrificial altar of Ru.
  7830 | D:6      | Found Qarch's Distillery.
  7844 | D:6      | Bought a potion of curing for 39 gold pieces
  7844 | D:6      | Bought a potion of haste for 130 gold pieces
  7844 | D:6      | Bought a potion of lignification for 39 gold pieces
  8139 | D:7      | Found Gozag's Platinum Reserve.
  8140 | D:7      | Found an opulent altar of Gozag.
  8354 | D:7      | Reached ** piety under Okawaru
  8943 | D:7      | Reached XP level 9. HP: 77/77 MP: 10/16
  8947 | D:7      | Learned a level 3 spell: Spider Form
  9071 | D:7      | Reached skill level 5 in Spellcasting
  9226 | D:7      | Found a radiant altar of Vehumet.
  9733 | D:8      | Reached skill level 1 in Transmutations
  9944 | D:8      | Reached skill level 5 in Air Magic
 10244 | D:8      | Reached skill level 1 in Ice Magic
 10244 | D:8      | Reached skill level 1 in Poison Magic
 10456 | D:8      | Reached *** piety under Okawaru
 10457 | D:8      | Reached skill level 5 in Fighting
 10753 | D:8      | Noticed a komodo dragon
 10758 | D:8      | Killed a komodo dragon
 10759 | D:8      | Reached skill level 5 in Maces & Flails
 11257 | D:8      | Found a shimmering altar of Xom.
 11622 | D:9      | Reached XP level 10. HP: 58/86 MP: 12/18
 12000 | D:9      | Noticed Erolcha
 12009 | D:9      | Killed Erolcha
 12009 | D:9      | Reached **** piety under Okawaru
 12198 | D:9      | Found a staircase to the Lair.
 12413 | D:9      | Found a shadowy altar of Dithmenos.
 12634 | D:9      | Learned a level 4 spell: Anguish
 12679 | D:9      | Noticed a catoblepas
 12694 | D:9      | Killed a catoblepas
 12695 | D:9      | Reached skill level 1 in Necromancy
 12865 | D:9      | Found a stormy altar of Qazlal.
 12966 | D:9      | Noticed a two-headed ogre
 12978 | D:9      | Killed a two-headed ogre
 13039 | D:9      | Reached ***** piety under Okawaru
 13040 | D:9      | Reached XP level 11. HP: 94/94 MP: 16/20
 13722 | D:10     | Entered Level 10 of the Dungeon
 13722 | D:10     | Noticed Erica
 13736 | D:10     | Killed Erica
 13860 | D:10     | Noticed Sonja
 13864 | D:10     | Killed Sonja
 13864 | D:10     | Received a gift from Okawaru
 14034 | D:10     | Noticed a +0 dagger
 14035 | D:10     | Noticed a +0 dagger
 14036 | D:10     | Found a hide-covered altar of Uskayaw.
 14475 | D:9      | Reached skill level 5 in Dodging
 14668 | D:10     | Found a white marble altar of Elyvilon.
 14900 | D:10     | Found Gozoczoa's Antique Weapon Shoppe.
 14906 | D:10     | Learned a level 4 spell: Passage of Golubria
 14913 | D:10     | Bought a glowing glaive for 237 gold pieces
 14913 | D:10     | Bought an ebony sling for 162 gold pieces
 14913 | D:10     | Identified the +12 sling of the Desolation of Salt {flame,
                  | *Slow rF+ rC+ Int+2} (You bought it in a shop on level 10
                  | of the Dungeon)
 14943 | D:10     | Noticed a boulder beetle
 14960 | D:10     | Killed a boulder beetle
 14961 | D:10     | Reached skill level 5 in Conjurations
 15395 | D:10     | Noticed Psyche
 15398 | D:10     | Killed Psyche
 15989 | Lair:1   | Entered Level 1 of the Lair of Beasts
 16082 | Lair:1   | Reached skill level 1 in Translocations
 16438 | Lair:1   | Slain by a cane toad

Illustrated notes

Levels and vault maps discovered:
D:1:      dpeg_arrival_rhombi, layout_loops_corners
D:2:      layout_basic, dilly_ecumenical_altar_fadedgnrine
D:3:      layout_basic, mainiacjoe_overflow_24_doors, ebering_ghost_gozag,
          st_stairs_1, grunt_ministairs_3
D:4:      layout_loops_ring, lemuel_doored_altar,
          minmay_temple_entry_enclosed_plants, uniq_ijyb, uniq_eustachio
D:5:      layout_loops_ring, skrybe_limestone_x, grunt_ministairs_6,
          uniq_grinder, uniq_menkaure, uniq_edmund, uniq_crazy_yiuf_cottage
D:6:      kennysheep_windowed_halls, layout_rooms,
          nicolae_ru_great_annihilating_truth, portal_sewer_entry_d,
          serial_shops, nicolae_shop_stone
D:7:      layout_loops_ring, vehumet_statue, nicolae_gozag_zags_fifth_avenue
D:8:      layout_loops_corners, kennysheep_mini, kennysheep_pointless_box,
          minmay_lizard_king
D:9:      layout_loops_corners, grunt_dithmenos_shadows,
          mainiacjoe_overflow_alcove_4, minmay_lair_entry_grove, uniq_erolcha
D:10:     layout_long_grid, dancing_weapons_uskayaw, mainiacjoe_overflow_paths,
          serial_shops, nicolae_shop_hallway_stairs,
          eino_small_chamber_without_monster, nzn_sisyphean_effort, uniq_erica,
          uniq_sonja, uniq_psyche
Temple:   chequers_temple_sunken
Lair:1:   layout_loops_ring, nicolae_volcano_entry_vermiform, basic_altar

Skill      XL: |  1  2  3  4  5  6  7  8  9 10 11 |
---------------+----------------------------------+-----
Conjurations   | 1 2 3 4 5 |  5.1
Fighting       | 1 2 3 4 5 6 |  6.7
Dodging        | 2 3 4 5 |  5.0
Air Magic      | 3 4 5 |  5.9
Maces & Flails | 1 2 3 4 5 6 |  6.5
Spellcasting   | 3 4 5 6 |  6.8
Invocations    | 1 2 3 4 |  4.5
Hexes          | 1 2 3 4 |  4.8
Evocations     | 1 2 3 |  3.5
Transmutations | 1 2 3 |  3.1
Ice Magic      | 1 2 |  2.6
Poison Magic   | 1 2 |  2.7
Necromancy     | 1 3 |  3.1
Translocations | 1 |  1.1
Stealth        | |  1.2

Action                   |  1- 3 |  4- 6 |  7- 9 | 10-12 || total
-------------------------+-------+-------+-------+-------++-------
Melee: Whip              |    59 |    33 |   117 |    63 ||   272
       Unarmed           |     1 |       |    11 |       ||    12
       Dagger            |     1 |       |       |       ||     1
       Tailslap          |     5 |     1 |    17 |    26 ||    49
       Punch             |       |     1 |       |     2 ||     3
       Dire flail        |       |       |       |    52 ||    52
       Glaive            |       |       |       |     2 ||     2
 Fire: Sling             |       |       |       |     3 ||     3
Throw: Dart              |       |       |     6 |       ||     6
 Cast: Shock             |    21 |    27 |    60 |    21 ||   129
       Static Discharge  |     6 |    22 |    29 |    29 ||    86
       Swiftness         |       |     7 |     8 |     5 ||    20
       Ensorcelled Hiber |       |     1 |     2 |     8 ||    11
       Airstrike         |       |       |    31 |    32 ||    63
       Spider Form       |       |       |     2 |       ||     2
       Anguish           |       |       |       |     9 ||     9
Invok: Heroism           |       |       |     2 |     8 ||    10
       Finesse           |       |       |       |     4 ||     4
 Abil: Rolling Charge    |    18 |     9 |    24 |     8 ||    59
       End Transformatio |       |       |     1 |       ||     1
Evoke: Wand              |     1 |       |    53 |    15 ||    69
       Lightning rod     |       |       |       |     4 ||     4
  Use: Scroll            |     5 |     9 |     7 |     6 ||    27
       Potion            |     4 |     5 |    11 |     3 ||    23
 Stab: Sleeping          |       |     1 |     1 |     2 ||     4
       Paralysed         |       |       |       |     8 ||     8
Armor: Robe              |    23 |    26 |    46 |    35 ||   130
       Skin              |     2 |     6 |     8 |       ||    16
Dodge: Dodged            |    32 |    36 |    87 |    52 ||   207
Block: Other             |       |       |       |    30 ||    30
       Reflection        |       |       |       |     1 ||     1
